Predators vs Blues

Created - December 5, 2016 at 17:38

Goals
1 2 3 T
Predators 3 1 1 5
Blues 2 0 0 2
Shots
1 2 3 T
Predators 11 10 12 33
Blues 11 13 9 33

1st period

1. Predators , Steven Stamkos 15 (Nicklas Backstrom) at 6:06
2. Blues , Jussi Jokinen 11 (Matt Carle, Rick Nash) at 13:00
3. Blues , Cal Clutterbuck 10 (Jiri Hudler, Jakub Kindl) at 18:11
4. Predators , Vladislav Namestnikov 7 (Zach Bogosian, Nicklas Backstrom) at 18:24
5. Predators , Joe Colborne 11 (Jaden Schwartz, Zach Bogosian) at 18:59

Penalties :
Zach Bogosian (NSH) for Boarding (Minor) at 2:40

2nd period

6. Predators , T.J. Oshie 10 (Kevin Hayes, Klas Dahlbeck) at 4:36

Penalties :
Jordie Benn (NSH) for Holding (Minor) at 11:35, Johnny Boychuk (STL) for Interference (Minor) at 15:03, Jordie Benn (NSH) for Hooking (Minor) at 19:15

3rd period

7. Predators , Zbynek Michalek 5 (Derick Brassard) at 10:03

Penalties :
Antti Niemi (STL) for Slashing (Minor) at 2:52 - Johnny Boychuk served the penalty., Jakub Kindl (STL) for Hooking (Minor) at 5:05

Goalie Stats

Pekka Rinne (NSH), 31 saves from 33 shots - (0.939), W, 12-10-2, 60:00 minutes
Antti Niemi (STL), 20 saves from 21 shots - (0.952), 35:24 minutes
Karri Ramo (STL), 8 saves from 12 shots - (0.667), L, 4-7-2, 24:36 minutes

Players Stats for Predators

Player Name              G  A  P  +/- PIM S  H  SB GA TA FO     MP     PP MP  PK MP  
------------------------------------------------------------------------------------
Cody Franson             0  0  0   0  0   0  0  0  0  0  0/0     0:00   0:00   0:00 
Derick Brassard          0  1  1   1  0   3  1  0  0  0  6/16   16:32   0:00   0:00 
Jaden Schwartz           0  1  1   1  0   3  0  0  0  0  2/4    18:01   2:30   4:15 
Joe Colborne             1  0  1   0  0   2  3  0  0  0  2/6    18:15   2:30   0:07 
John Moore               0  0  0   1  0   0  1  0  0  0  0/0    14:27   0:00   0:45 
Jordie Benn              0  0  0   1  4   0  0  2  0  0  0/0    19:39   2:30   0:25 
Kevin Hayes              0  1  1   1  0   0  0  0  0  0  1/3    16:32   0:00   0:00 
Klas Dahlbeck            0  1  1   1  0   2  0  2  0  0  0/0    19:49   3:27   3:11 
Nicklas Backstrom        0  2  2   1  0   2  0  0  0  0  1/1    22:48   2:30   0:00 
Oscar Klefbom            0  0  0   1  0   3  0  1  0  0  0/0    21:12   0:00   3:03 
Phillip Di Giuseppe      0  0  0  -1  0   0  3  0  0  0  0/0     4:22   0:00   0:00 
Roman Josi               0  0  0   0  0   0  0  0  0  0  0/0     0:00   0:00   0:00 
Steven Stamkos           1  0  1   2  0   4  2  0  0  0  21/37  23:31   3:27   4:08 
T.J. Oshie               1  0  1   1  0   5  2  0  0  0  0/2    16:32   0:00   0:00 
Vincent Trocheck         0  0  0   1  0   2  3  0  0  0  15/22  16:25   3:27   1:42 
Vladislav Namestnikov    1  0  1   2  0   3  1  0  0  0  0/3    21:05   3:27   1:42 
Zach Bogosian            0  2  2   1  2   2  2  2  0  0  0/0    24:01   2:30   2:01 
Zbynek Michalek          1  0  1   1  0   2  1  3  0  0  0/0    20:49   3:27   2:29 

Players Stats for Blues

Player Name              G  A  P  +/- PIM S  H  SB GA TA FO     MP     PP MP  PK MP  
------------------------------------------------------------------------------------
Adam Cracknell           0  0  0  -1  0   1  2  0  0  0  12/26  23:43   3:45   2:17 
Barret Jackman           0  0  0   0  0   0  1  2  0  0  0/0    20:06   2:24   2:39 
Cal Clutterbuck          1  0  1  -2  0   5  0  0  0  0  1/2    16:33   2:12   0:00 
Chris Wideman            0  0  0   0  0   0  3  0  0  0  0/0    15:09   0:00   1:43 
Jakub Kindl              0  1  1   0  2   0  0  0  0  0  0/0    13:25   0:00   0:00 
Jay Bouwmeester          0  0  0  -3  0   2  1  1  0  0  0/0    26:28   3:33   3:18 
Jay McClement            0  0  0   0  0   2  0  0  0  0  3/7     8:45   0:00   0:00 
Jiri Hudler              0  1  1  -2  0   4  0  1  0  0  4/10   20:07   2:12   3:34 
Johnny Boychuk           0  0  0  -3  2   0  2  0  0  0  0/0    24:26   3:33   1:17 
Jussi Jokinen            1  0  1  -1  0   5  0  0  0  0  1/1    21:26   3:45   0:00 
Marian Hossa             0  0  0   0  0   6  0  0  0  0  8/16    7:19   0:00   0:00 
Mark Borowiecki          0  0  0   0  0   0  0  0  0  0  0/0     0:00   0:00   0:00 
Matt Carle               0  1  1   0  0   2  0  1  0  0  0/0    20:24   2:24   2:57 
Michael Raffl            0  0  0   0  0   0  1  0  0  0  6/11   13:24   3:45   2:20 
Mike Fisher              0  0  0  -2  0   3  1  1  0  0  10/19  20:10   2:12   3:37 
R.J. Umberger            0  0  0   0  0   0  0  0  0  0  1/1     8:45   0:00   0:00 
Rick Nash                0  1  1  -1  0   2  1  0  0  0  0/1    17:47   0:00   0:06 
Tanner Glass             0  0  0   0  0   1  4  0  0  0  0/0    16:04   0:00   0:00 

3 Stars

1 - Steven Stamkos (NSH)
2 - Vladislav Namestnikov (NSH)
3 - Zbynek Michalek (NSH)

Power Play

Predators - 0 on 3 Attempt(s) - 0.00%
Blues - 0 on 3 Attempt(s) - 0.00%

Penalty Kill

Predators - 3 on 3 Attempt(s) - 100.00% - Score 0 goal in Penalty Kill
Blues - 3 on 3 Attempt(s) - 100.00% - Score 0 goal in Penalty Kill

Team Stat

Predators - Hits : 19 - Faceoff Wins : 48 - Blocked Shots : 10 - Penalty Minutes : 6
Blues - Hits : 16 - Faceoff Wins : 46 - Blocked Shots : 6 - Penalty Minutes : 6

Official

Referees : Gord Dwyer and Dennis LaRue
Linesman : Michel Cormier and Matt MacPherson

Game Notes

Antti Niemi enters game at 4:36 of 2nd period

Finance

Level 1 -- Attendance: 5639 (86.75%) -- Ticket Income $569,539
Level 2 -- Attendance: 4020 (80.40%) -- Ticket Income $341,700
Level 3 -- Attendance: 3113 (88.94%) -- Ticket Income $186,780
Level 4 -- Attendance: 2121 (67.33%) -- Ticket Income $95,445
Luxury Box -- Attendance: 956 (95.60%) -- Ticket Income $191,200
Game was played at the Scottrade Center.
Total Attendance: 15849 (82.76%)
Total Ticket Income: $1,384,664
Other Income: $207,700
Total Income: $1,592,364

% Time on Ice - Predators

Lines # - Real PCT - Wanted PCT - Time Play
Normal Forward
1 - 33% - 40% - 15:56
2 - 34% - 30% - 16:32
3 - 23% - 20% - 11:16
4 - 9% - 10% - 4:22
Normal Defense
1 - 35% - 40% - 16:46
2 - 31% - 30% - 14:53
3 - 27% - 20% - 13:11
4 - 7% - 10% - 3:16
PP Forward
1 - 58% - 60% - 3:27
2 - 42% - 40% - 2:30
PP Defense
1 - 42% - 60% - 2:30
2 - 58% - 40% - 3:27
PK Forward
1 - 71% - 60% - 4:15
2 - 29% - 40% - 1:42
PK Defense
1 - 58% - 60% - 3:28
2 - 42% - 40% - 2:29
PK3 Forward
1 - 0% - 60%
2 - 0% - 40%
PK3 Defense
1 - 0% - 60%
2 - 0% - 40%
44 Forward
1 - 0% - 60%
2 - 0% - 40%
44 Defense
1 - 0% - 60%
2 - 0% - 40%
Last Minute Offensive  - 0:00
Last Minute Defensive  - 0:00
Total
Forward - 60:00
Defense - 60:00

% Time on Ice - Blues

Lines # - Real PCT - Wanted PCT - Time Play
Normal Forward
1 - 37% - 40% - 17:41
2 - 30% - 30% - 14:21
3 - 15% - 20% - 7:19
4 - 18% - 10% - 8:45
Normal Defense
1 - 37% - 40% - 17:53
2 - 31% - 30% - 15:03
3 - 28% - 20% - 13:26
4 - 4% - 10% - 1:44
PP Forward
1 - 63% - 60% - 3:45
2 - 37% - 40% - 2:12
PP Defense
1 - 60% - 60% - 3:33
2 - 40% - 40% - 2:24
PK Forward
1 - 72% - 60% - 4:16
2 - 28% - 40% - 1:41
PK Defense
1 - 55% - 60% - 3:18
2 - 45% - 40% - 2:39
PK3 Forward
1 - 0% - 60%
2 - 0% - 40%
PK3 Defense
1 - 0% - 60%
2 - 0% - 40%
44 Forward
1 - 0% - 60%
2 - 0% - 40%
44 Defense
1 - 0% - 60%
2 - 0% - 40%
Last Minute Offensive  - 0:00
Last Minute Defensive  - 0:00
Total
Forward - 60:00
Defense - 60:00

Play by Play

1st period


0:01 of 1st period - Nicklas Backstrom wins face-off versus Adam Cracknell in neutral zone.
1:06 of 1st period - Icing by Oscar Klefbom.
1:07 of 1st period - Derick Brassard wins face-off versus Mike Fisher in Predators zone.
1:17 of 1st period - Derick Brassard is hit by Barret Jackman and loses puck.
1:38 of 1st period - Shot by Derick Brassard.
1:38 of 1st period - Stopped by Karri Ramo without a rebound.
1:39 of 1st period - Vincent Trocheck wins face-off versus Marian Hossa in Blues zone.
2:06 of 1st period - Shot by Marian Hossa.
2:06 of 1st period - Stopped by Pekka Rinne without a rebound.
2:07 of 1st period - Steven Stamkos wins face-off versus Mike Fisher in Predators zone.
2:16 of 1st period - Shot by Nicklas Backstrom.
2:16 of 1st period - Shot Blocked by Jay Bouwmeester.
2:40 of 1st period - Minor Penalty to Zach Bogosian for Boarding.
2:41 of 1st period - Michael Raffl wins face-off versus Steven Stamkos in Predators zone.
2:52 of 1st period - Shot by Matt Carle.
2:52 of 1st period - Stopped by Pekka Rinne without a rebound.
2:53 of 1st period - Michael Raffl wins face-off versus Steven Stamkos in Predators zone.
4:48 of 1st period - Shot by Jay McClement.
4:48 of 1st period - Shot Blocked by Jordie Benn.
5:44 of 1st period - Shot by Joe Colborne.
5:44 of 1st period - Deflect By Nicklas Backstrom.
5:44 of 1st period - Stopped by Karri Ramo without a rebound.
5:45 of 1st period - Vincent Trocheck wins face-off versus Adam Cracknell in Blues zone.
5:46 of 1st period - Shot by Jaden Schwartz.
5:46 of 1st period - Stopped by Karri Ramo without a rebound.
5:47 of 1st period - Adam Cracknell wins face-off versus Steven Stamkos in Blues zone.
5:58 of 1st period - Shot by Rick Nash.
5:58 of 1st period - Deflect By Jussi Jokinen.
5:58 of 1st period - Shot Blocked by Klas Dahlbeck.
6:06 of 1st period - Shot by Steven Stamkos.
6:06 of 1st period - Goal by Steven Stamkos - Predators : 1 - Blues : 0.
6:07 of 1st period - Vincent Trocheck wins face-off versus Cal Clutterbuck in neutral zone.
6:13 of 1st period - Jiri Hudler is hit by Joe Colborne and loses puck.
6:30 of 1st period - Shot by Jiri Hudler.
6:30 of 1st period - Stopped by Pekka Rinne without a rebound.
6:31 of 1st period - Adam Cracknell wins face-off versus Steven Stamkos in Predators zone.
7:06 of 1st period - Shot by Rick Nash.
7:06 of 1st period - Shot Misses the Net.
7:11 of 1st period - Off-side.
7:12 of 1st period - Marian Hossa wins face-off versus Vincent Trocheck in neutral zone.
7:15 of 1st period - Vincent Trocheck is hit by Tanner Glass and loses puck.
7:26 of 1st period - Shot by Marian Hossa.
7:26 of 1st period - Stopped by Pekka Rinne without a rebound.
7:27 of 1st period - Mike Fisher wins face-off versus Derick Brassard in Predators zone.
8:04 of 1st period - Icing by Jiri Hudler.
8:05 of 1st period - Steven Stamkos wins face-off versus Mike Fisher in Blues zone.
8:57 of 1st period - Shot by Jay Bouwmeester.
8:57 of 1st period - Stopped by Pekka Rinne without a rebound.
8:58 of 1st period - Marian Hossa wins face-off versus Vincent Trocheck in Predators zone.
9:03 of 1st period - Shot by Marian Hossa.
9:03 of 1st period - Stopped by Pekka Rinne without a rebound.
9:04 of 1st period - Vincent Trocheck wins face-off versus Marian Hossa in Predators zone.
9:19 of 1st period - Shot by Oscar Klefbom.
9:19 of 1st period - Stopped by Karri Ramo without a rebound.
9:20 of 1st period - Adam Cracknell wins face-off versus Derick Brassard in Blues zone.
9:46 of 1st period - Shot by Derick Brassard.
9:46 of 1st period - Shot Misses the Net.
9:58 of 1st period - Johnny Boychuk is hit by T.J. Oshie and loses puck.
10:14 of 1st period - Off-side.
10:15 of 1st period - Joe Colborne wins face-off versus Marian Hossa in neutral zone.
10:31 of 1st period - Off-side.
10:32 of 1st period - Cal Clutterbuck wins face-off versus Steven Stamkos in neutral zone.
10:43 of 1st period - Shot by Nicklas Backstrom.
10:43 of 1st period - Shot Misses the Net.
10:45 of 1st period - Shot by Nicklas Backstrom.
10:45 of 1st period - Shot Misses the Net.
10:47 of 1st period - Shot by Vladislav Namestnikov.
10:47 of 1st period - Shot Misses the Net.
10:49 of 1st period - Shot by Nicklas Backstrom.
10:49 of 1st period - Stopped by Karri Ramo with a rebound.
11:58 of 1st period - Jiri Hudler is hit by Joe Colborne and loses puck.
12:49 of 1st period - Shot by Rick Nash.
12:49 of 1st period - Stopped by Pekka Rinne with a rebound.
12:51 of 1st period - Shot by Barret Jackman.
12:51 of 1st period - Shot Misses the Net.
13:00 of 1st period - Shot by Jussi Jokinen.
13:00 of 1st period - Goal by Jussi Jokinen - Predators : 1 - Blues : 1.
13:01 of 1st period - Marian Hossa wins face-off versus Derick Brassard in neutral zone.
13:32 of 1st period - Shot by T.J. Oshie.
13:32 of 1st period - Shot Misses the Net.
13:39 of 1st period - Icing by Johnny Boychuk.
13:40 of 1st period - Steven Stamkos wins face-off versus Marian Hossa in Blues zone.
13:53 of 1st period - Shot by Vladislav Namestnikov.
13:53 of 1st period - Shot Hit the Post.
13:55 of 1st period - Shot by Oscar Klefbom.
13:55 of 1st period - Shot Misses the Net.
13:57 of 1st period - Shot by Oscar Klefbom.
13:57 of 1st period - Stopped by Karri Ramo without a rebound.
13:58 of 1st period - Adam Cracknell wins face-off versus Vincent Trocheck in Blues zone.
13:58 of 1st period - Adam Cracknell is hit by Joe Colborne.
14:18 of 1st period - Shot by Rick Nash.
14:18 of 1st period - Shot Blocked by Jordie Benn.
14:20 of 1st period - Shot by Matt Carle.
14:20 of 1st period - Stopped by Pekka Rinne without a rebound.
14:21 of 1st period - Jay McClement wins face-off versus Vladislav Namestnikov in Predators zone.
14:24 of 1st period - Shot by Jay McClement.
14:24 of 1st period - Shot Misses the Net.
14:32 of 1st period - Shot by R.J. Umberger.
14:32 of 1st period - Shot Misses the Net.
14:34 of 1st period - Shot by Tanner Glass.
14:34 of 1st period - Stopped by Pekka Rinne without a rebound.
14:35 of 1st period - Derick Brassard wins face-off versus Adam Cracknell in Predators zone.
14:48 of 1st period - Jussi Jokinen is hit by Zach Bogosian and loses puck.
15:09 of 1st period - Shot by T.J. Oshie.
15:09 of 1st period - Stopped by Karri Ramo without a rebound.
15:10 of 1st period - Steven Stamkos wins face-off versus Mike Fisher in Blues zone.
15:21 of 1st period - Shot by Vladislav Namestnikov.
15:21 of 1st period - Shot Misses the Net.
15:52 of 1st period - Icing by Oscar Klefbom.
15:53 of 1st period - Steven Stamkos wins face-off versus Adam Cracknell in Predators zone.
15:53 of 1st period - Oscar Klefbom is hit by Adam Cracknell and loses puck.
16:14 of 1st period - Shot by Vincent Trocheck.
16:14 of 1st period - Shot Misses the Net.
16:30 of 1st period - Shot by Rick Nash.
16:30 of 1st period - Shot Misses the Net.
17:01 of 1st period - Off-side.
17:02 of 1st period - Marian Hossa wins face-off versus Derick Brassard in neutral zone.
17:04 of 1st period - Off-side.
17:05 of 1st period - Michael Raffl wins face-off versus Derick Brassard in neutral zone.
17:38 of 1st period - Shot by T.J. Oshie.
17:38 of 1st period - Stopped by Karri Ramo with a rebound.
17:57 of 1st period - Icing by Derick Brassard.
17:58 of 1st period - Kevin Hayes wins face-off versus Mike Fisher in Predators zone.
18:11 of 1st period - Shot by Cal Clutterbuck.
18:11 of 1st period - Goal by Cal Clutterbuck - Predators : 1 - Blues : 2.
18:12 of 1st period - Steven Stamkos wins face-off versus Adam Cracknell in neutral zone.
18:24 of 1st period - Shot by Vladislav Namestnikov.
18:24 of 1st period - Goal by Vladislav Namestnikov - Predators : 2 - Blues : 2.
18:25 of 1st period - Mike Fisher wins face-off versus Vincent Trocheck in neutral zone.
18:48 of 1st period - Joe Colborne is hit by Chris Wideman and loses puck.
18:57 of 1st period - Shot by Jaden Schwartz.
18:57 of 1st period - Shot Misses the Net.
18:59 of 1st period - Shot by Joe Colborne.
18:59 of 1st period - Goal by Joe Colborne - Predators : 3 - Blues : 2.
19:00 of 1st period - Adam Cracknell wins face-off versus Vladislav Namestnikov in neutral zone.
19:26 of 1st period - Icing by Zbynek Michalek.
19:27 of 1st period - Steven Stamkos wins face-off versus Jay McClement in Predators zone.
19:29 of 1st period - Icing by Nicklas Backstrom.
19:30 of 1st period - Steven Stamkos wins face-off versus Marian Hossa in Predators zone.
19:35 of 1st period - Matt Carle is hit by Steven Stamkos and loses puck.
19:49 of 1st period - Icing by Matt Carle.
19:50 of 1st period - Marian Hossa wins face-off versus Kevin Hayes in Blues zone.
Goals for this period are 3 for Predators vs 2 for Blues.
Shots for this period are 11 for Predators vs 11 for Blues.

2nd period


0:01 of 2nd period - Adam Cracknell wins face-off versus Joe Colborne in neutral zone.
0:01 of 2nd period - Adam Cracknell is hit by Phillip Di Giuseppe.
0:52 of 2nd period - Adam Cracknell is hit by John Moore and loses puck.
1:20 of 2nd period - Derick Brassard is hit by Tanner Glass and loses puck.
1:53 of 2nd period - Icing by T.J. Oshie.
1:54 of 2nd period - Mike Fisher wins face-off versus Derick Brassard in Predators zone.
2:11 of 2nd period - Shot by Jiri Hudler.
2:11 of 2nd period - Shot Blocked by Zach Bogosian.
2:13 of 2nd period - Shot by Jiri Hudler.
2:13 of 2nd period - Stopped by Pekka Rinne without a rebound.
2:14 of 2nd period - Steven Stamkos wins face-off versus Marian Hossa in Predators zone.
2:50 of 2nd period - Icing by Nicklas Backstrom.
2:51 of 2nd period - Adam Cracknell wins face-off versus Steven Stamkos in Predators zone.
3:35 of 2nd period - Shot by Jaden Schwartz.
3:35 of 2nd period - Shot Misses the Net.
3:37 of 2nd period - Shot by Zbynek Michalek.
3:37 of 2nd period - Shot Blocked by Matt Carle.
3:57 of 2nd period - Jiri Hudler is hit by Vincent Trocheck.
4:34 of 2nd period - Shot by T.J. Oshie.
4:34 of 2nd period - Deflect By Kevin Hayes.
4:34 of 2nd period - Shot Blocked by Jiri Hudler.
4:36 of 2nd period - Shot by T.J. Oshie.
4:36 of 2nd period - Goal by T.J. Oshie - Predators : 4 - Blues : 2.
4:36 of 2nd period - Antti Niemi enters game.
4:37 of 2nd period - Marian Hossa wins face-off versus Joe Colborne in neutral zone.
5:36 of 2nd period - Icing by Jussi Jokinen.
5:37 of 2nd period - Steven Stamkos wins face-off versus Adam Cracknell in Blues zone.
5:37 of 2nd period - Steven Stamkos is hit by Johnny Boychuk.
5:46 of 2nd period - Icing by Johnny Boychuk.
5:47 of 2nd period - Derick Brassard wins face-off versus Rick Nash in Blues zone.
5:47 of 2nd period - T.J. Oshie is hit by Jay Bouwmeester and loses puck.
6:04 of 2nd period - Shot by Derick Brassard.
6:04 of 2nd period - Stopped by Antti Niemi without a rebound.
6:05 of 2nd period - Mike Fisher wins face-off versus Steven Stamkos in Blues zone.
6:12 of 2nd period - Icing by Klas Dahlbeck.
6:13 of 2nd period - Steven Stamkos wins face-off versus Jay McClement in Predators zone.
6:38 of 2nd period - Shot by Steven Stamkos.
6:38 of 2nd period - Stopped by Antti Niemi with a rebound.
6:40 of 2nd period - Shot by Klas Dahlbeck.
6:40 of 2nd period - Stopped by Antti Niemi without a rebound.
6:41 of 2nd period - Vincent Trocheck wins face-off versus Adam Cracknell in Blues zone.
7:06 of 2nd period - Shot by Rick Nash.
7:06 of 2nd period - Stopped by Pekka Rinne without a rebound.
7:07 of 2nd period - Steven Stamkos wins face-off versus Jiri Hudler in Predators zone.
7:24 of 2nd period - Shot by Nicklas Backstrom.
7:24 of 2nd period - Shot Blocked by Mike Fisher.
8:08 of 2nd period - Shot by T.J. Oshie.
8:08 of 2nd period - Shot Misses the Net.
8:10 of 2nd period - Shot by Jordie Benn.
8:10 of 2nd period - Shot Misses the Net.
8:18 of 2nd period - Shot by T.J. Oshie.
8:18 of 2nd period - Stopped by Antti Niemi without a rebound.
8:19 of 2nd period - Vincent Trocheck wins face-off versus Adam Cracknell in Blues zone.
8:20 of 2nd period - Shot by Jaden Schwartz.
8:20 of 2nd period - Stopped by Antti Niemi with a rebound.
8:23 of 2nd period - Icing by Jay Bouwmeester.
8:24 of 2nd period - Vincent Trocheck wins face-off versus Adam Cracknell in Blues zone.
8:47 of 2nd period - Shot by Jaden Schwartz.
8:47 of 2nd period - Stopped by Antti Niemi with a rebound.
8:49 of 2nd period - Shot by Joe Colborne.
8:49 of 2nd period - Shot Misses the Net.
9:39 of 2nd period - Vladislav Namestnikov is hit by Chris Wideman and loses puck.
9:59 of 2nd period - Shot by Steven Stamkos.
9:59 of 2nd period - Stopped by Antti Niemi without a rebound.
10:00 of 2nd period - Mike Fisher wins face-off versus Derick Brassard in Blues zone.
10:00 of 2nd period - Mike Fisher is hit by Derick Brassard.
10:28 of 2nd period - Icing by Zbynek Michalek.
10:29 of 2nd period - Jay McClement wins face-off versus Derick Brassard in Predators zone.
10:48 of 2nd period - Shot by Tanner Glass.
10:48 of 2nd period - Shot Blocked by Zbynek Michalek.
11:17 of 2nd period - Off-side.
11:18 of 2nd period - Adam Cracknell wins face-off versus Steven Stamkos in neutral zone.
11:35 of 2nd period - Minor Penalty to Jordie Benn for Holding.
11:36 of 2nd period - Mike Fisher wins face-off versus Jaden Schwartz in Predators zone.
11:37 of 2nd period - Shot by Jiri Hudler.
11:37 of 2nd period - Stopped by Pekka Rinne with a rebound.
11:59 of 2nd period - Shot by Cal Clutterbuck.
11:59 of 2nd period - Shot Misses the Net.
12:01 of 2nd period - Shot by Mike Fisher.
12:01 of 2nd period - Stopped by Pekka Rinne without a rebound.
12:02 of 2nd period - Steven Stamkos wins face-off versus Michael Raffl in Predators zone.
12:08 of 2nd period - Icing by Johnny Boychuk.
12:09 of 2nd period - Steven Stamkos wins face-off versus Michael Raffl in Blues zone.
12:42 of 2nd period - Icing by Jay Bouwmeester.
12:43 of 2nd period - Jussi Jokinen wins face-off versus Vladislav Namestnikov in Blues zone.
13:18 of 2nd period - Shot by Mike Fisher.
13:18 of 2nd period - Stopped by Pekka Rinne with a rebound.
13:20 of 2nd period - Shot by Mike Fisher.
13:20 of 2nd period - Shot Misses the Net.
13:22 of 2nd period - Shot by Mike Fisher.
13:22 of 2nd period - Shot Blocked by Oscar Klefbom.
13:24 of 2nd period - Shot by Jiri Hudler.
13:24 of 2nd period - Shot Misses the Net.
13:41 of 2nd period - Shot by Jay McClement.
13:41 of 2nd period - Stopped by Pekka Rinne with a rebound.
13:44 of 2nd period - Icing by John Moore.
13:45 of 2nd period - R.J. Umberger wins face-off versus Joe Colborne in Predators zone.
14:14 of 2nd period - Off-side.
14:15 of 2nd period - Mike Fisher wins face-off versus Kevin Hayes in neutral zone.
14:20 of 2nd period - Shot by Cal Clutterbuck.
14:20 of 2nd period - Stopped by Pekka Rinne with a rebound.
15:03 of 2nd period - Minor Penalty to Johnny Boychuk for Interference.
15:04 of 2nd period - Vincent Trocheck wins face-off versus Jiri Hudler in Blues zone.
15:11 of 2nd period - Shot by Steven Stamkos.
15:11 of 2nd period - Shot Misses the Net.
15:13 of 2nd period - Shot by Zbynek Michalek.
15:13 of 2nd period - Stopped by Antti Niemi without a rebound.
15:14 of 2nd period - Jiri Hudler wins face-off versus Vincent Trocheck in Blues zone.
15:59 of 2nd period - Shot by Adam Cracknell.
15:59 of 2nd period - Shot Misses the Net.
16:01 of 2nd period - Shot by Mike Fisher.
16:01 of 2nd period - Shot Blocked by Zbynek Michalek.
16:03 of 2nd period - Shot by Mike Fisher.
16:03 of 2nd period - Shot Misses the Net.
16:05 of 2nd period - Shot by Adam Cracknell.
16:05 of 2nd period - Shot Blocked by Zbynek Michalek.
16:07 of 2nd period - Shot by Mike Fisher.
16:07 of 2nd period - Shot Misses the Net.
16:09 of 2nd period - Shot by Jay Bouwmeester.
16:09 of 2nd period - Stopped by Pekka Rinne without a rebound.
16:10 of 2nd period - Jaden Schwartz wins face-off versus Jiri Hudler in Predators zone.
16:10 of 2nd period - Jaden Schwartz is hit by Michael Raffl.
17:13 of 2nd period - Kevin Hayes is hit by Johnny Boychuk and loses puck.
17:26 of 2nd period - Shot by Derick Brassard.
17:26 of 2nd period - Stopped by Antti Niemi with a rebound.
18:04 of 2nd period - Oscar Klefbom is hit by Adam Cracknell and loses puck.
18:08 of 2nd period - Zbynek Michalek is hit by Rick Nash and loses puck.
18:18 of 2nd period - Icing by Jakub Kindl.
18:19 of 2nd period - Adam Cracknell wins face-off versus Steven Stamkos in Blues zone.
18:28 of 2nd period - Shot by Rick Nash.
18:28 of 2nd period - Shot Blocked by Zach Bogosian.
18:30 of 2nd period - Shot by Jussi Jokinen.
18:30 of 2nd period - Shot Misses the Net.
18:32 of 2nd period - Shot by Adam Cracknell.
18:32 of 2nd period - Stopped by Pekka Rinne without a rebound.
18:33 of 2nd period - Vincent Trocheck wins face-off versus Mike Fisher in Predators zone.
18:38 of 2nd period - Shot by Jaden Schwartz.
18:38 of 2nd period - Shot Misses the Net.
19:05 of 2nd period - Icing by Matt Carle.
19:06 of 2nd period - Mike Fisher wins face-off versus Steven Stamkos in Blues zone.
19:13 of 2nd period - Shot by Cal Clutterbuck.
19:13 of 2nd period - Stopped by Pekka Rinne without a rebound.
19:14 of 2nd period - Marian Hossa wins face-off versus Steven Stamkos in Predators zone.
19:14 of 2nd period - Marian Hossa is hit by Zach Bogosian.
19:15 of 2nd period - Minor Penalty to Jordie Benn for Hooking.
19:16 of 2nd period - Michael Raffl wins face-off versus Steven Stamkos in Predators zone.
19:19 of 2nd period - Shot by Jussi Jokinen.
19:19 of 2nd period - Shot Misses the Net.
19:21 of 2nd period - Shot by Jussi Jokinen.
19:21 of 2nd period - Stopped by Pekka Rinne without a rebound.
19:22 of 2nd period - Michael Raffl wins face-off versus Steven Stamkos in Predators zone.
19:23 of 2nd period - Shot by Jussi Jokinen.
19:23 of 2nd period - Stopped by Pekka Rinne with a rebound.
19:27 of 2nd period - Shot by Jussi Jokinen.
19:27 of 2nd period - Stopped by Pekka Rinne without a rebound.
19:28 of 2nd period - Steven Stamkos wins face-off versus Michael Raffl in Predators zone.
Goals for this period are 1 for Predators vs 0 for Blues.
Shots for this period are 10 for Predators vs 13 for Blues.

3rd period


0:01 of 3rd period - Steven Stamkos wins face-off versus Michael Raffl in neutral zone.
0:12 of 3rd period - Shot by Jay Bouwmeester.
0:12 of 3rd period - Shot Misses the Net.
0:22 of 3rd period - Shot by Jussi Jokinen.
0:22 of 3rd period - Stopped by Pekka Rinne with a rebound.
0:40 of 3rd period - Shot by Johnny Boychuk.
0:40 of 3rd period - Shot Blocked by Klas Dahlbeck.
0:44 of 3rd period - Shot by Johnny Boychuk.
0:44 of 3rd period - Shot Misses the Net.
1:56 of 3rd period - Jakub Kindl is hit by Phillip Di Giuseppe and loses puck.
2:21 of 3rd period - Shot by T.J. Oshie.
2:21 of 3rd period - Shot Misses the Net.
2:32 of 3rd period - Shot by Mike Fisher.
2:32 of 3rd period - Stopped by Pekka Rinne without a rebound.
2:33 of 3rd period - Adam Cracknell wins face-off versus Steven Stamkos in Predators zone.
2:34 of 3rd period - Shot by Jussi Jokinen.
2:34 of 3rd period - Shot Misses the Net.
2:52 of 3rd period - Shot by Vladislav Namestnikov.
2:52 of 3rd period - Stopped by Antti Niemi without a rebound.
2:52 of 3rd period - Minor Penalty to Antti Niemi for Slashing.
2:53 of 3rd period - Vincent Trocheck wins face-off versus Jiri Hudler in Blues zone.
3:06 of 3rd period - Shot by Steven Stamkos.
3:06 of 3rd period - Deflect By Vladislav Namestnikov.
3:06 of 3rd period - Stopped by Antti Niemi with a rebound.
3:08 of 3rd period - Shot by Steven Stamkos.
3:08 of 3rd period - Shot Misses the Net.
3:10 of 3rd period - Shot by Steven Stamkos.
3:10 of 3rd period - Shot Blocked by Barret Jackman.
3:12 of 3rd period - Shot by Zbynek Michalek.
3:12 of 3rd period - Deflect By Vincent Trocheck.
3:12 of 3rd period - Shot Blocked by Barret Jackman.
3:14 of 3rd period - Shot by Vincent Trocheck.
3:14 of 3rd period - Stopped by Antti Niemi without a rebound.
3:15 of 3rd period - Jiri Hudler wins face-off versus Jaden Schwartz in Blues zone.
3:42 of 3rd period - Shot by Zach Bogosian.
3:42 of 3rd period - Stopped by Antti Niemi with a rebound.
3:44 of 3rd period - Shot by Zach Bogosian.
3:44 of 3rd period - Stopped by Antti Niemi without a rebound.
3:45 of 3rd period - Michael Raffl wins face-off versus Vincent Trocheck in Blues zone.
3:45 of 3rd period - Michael Raffl is hit by Vincent Trocheck.
3:52 of 3rd period - Icing by Zbynek Michalek.
3:53 of 3rd period - Jiri Hudler wins face-off versus Vincent Trocheck in Predators zone.
4:37 of 3rd period - Matt Carle is hit by Vincent Trocheck and loses puck.
4:55 of 3rd period - Icing by T.J. Oshie.
4:56 of 3rd period - Derick Brassard wins face-off versus Jay McClement in Predators zone.
4:56 of 3rd period - Derick Brassard is hit by Tanner Glass.
5:01 of 3rd period - Zach Bogosian is hit by Chris Wideman and loses puck.
5:05 of 3rd period - Minor Penalty to Jakub Kindl for Hooking.
5:06 of 3rd period - Jiri Hudler wins face-off versus Joe Colborne in Blues zone.
5:20 of 3rd period - Icing by Zach Bogosian.
5:21 of 3rd period - Jaden Schwartz wins face-off versus Jiri Hudler in Predators zone.
5:50 of 3rd period - Shot by Joe Colborne.
5:50 of 3rd period - Shot Misses the Net.
5:52 of 3rd period - Shot by Joe Colborne.
5:52 of 3rd period - Stopped by Antti Niemi without a rebound.
5:53 of 3rd period - Vincent Trocheck wins face-off versus Michael Raffl in Blues zone.
5:59 of 3rd period - Shot by Vladislav Namestnikov.
5:59 of 3rd period - Shot Misses the Net.
6:01 of 3rd period - Shot by Klas Dahlbeck.
6:01 of 3rd period - Stopped by Antti Niemi without a rebound.
6:02 of 3rd period - Vincent Trocheck wins face-off versus Jiri Hudler in Blues zone.
7:32 of 3rd period - Shot by R.J. Umberger.
7:32 of 3rd period - Shot Misses the Net.
7:34 of 3rd period - Shot by Jay McClement.
7:34 of 3rd period - Stopped by Pekka Rinne without a rebound.
7:35 of 3rd period - Joe Colborne wins face-off versus Adam Cracknell in Predators zone.
8:07 of 3rd period - Rick Nash is hit by Phillip Di Giuseppe and loses puck.
8:36 of 3rd period - Icing by T.J. Oshie.
8:37 of 3rd period - Marian Hossa wins face-off versus T.J. Oshie in Predators zone.
8:48 of 3rd period - Marian Hossa is hit by T.J. Oshie.
8:55 of 3rd period - Shot by Oscar Klefbom.
8:55 of 3rd period - Stopped by Antti Niemi without a rebound.
8:56 of 3rd period - Steven Stamkos wins face-off versus Mike Fisher in Blues zone.
9:05 of 3rd period - Shot by Steven Stamkos.
9:05 of 3rd period - Stopped by Antti Niemi with a rebound.
9:20 of 3rd period - Jordie Benn is hit by Mike Fisher and loses puck.
9:33 of 3rd period - Shot by Mike Fisher.
9:33 of 3rd period - Shot Misses the Net.
9:59 of 3rd period - Shot by Derick Brassard.
9:59 of 3rd period - Shot Misses the Net.
10:01 of 3rd period - Shot by Derick Brassard.
10:01 of 3rd period - Shot Misses the Net.
10:03 of 3rd period - Shot by Zbynek Michalek.
10:03 of 3rd period - Goal by Zbynek Michalek - Predators : 5 - Blues : 2.
10:04 of 3rd period - Vincent Trocheck wins face-off versus Adam Cracknell in neutral zone.
10:09 of 3rd period - Shot by Joe Colborne.
10:09 of 3rd period - Shot Misses the Net.
10:30 of 3rd period - Shot by Jaden Schwartz.
10:30 of 3rd period - Shot Misses the Net.
11:00 of 3rd period - Icing by Oscar Klefbom.
11:01 of 3rd period - Derick Brassard wins face-off versus Marian Hossa in Predators zone.
11:16 of 3rd period - Shot by Marian Hossa.
11:16 of 3rd period - Stopped by Pekka Rinne without a rebound.
11:17 of 3rd period - Steven Stamkos wins face-off versus Jay McClement in Predators zone.
11:24 of 3rd period - Shot by Zach Bogosian.
11:24 of 3rd period - Shot Misses the Net.
11:58 of 3rd period - Johnny Boychuk is hit by Vladislav Namestnikov.
12:40 of 3rd period - Shot by Vincent Trocheck.
12:40 of 3rd period - Shot Misses the Net.
13:15 of 3rd period - Icing by Matt Carle.
13:16 of 3rd period - Derick Brassard wins face-off versus Adam Cracknell in Blues zone.
13:29 of 3rd period - Shot by T.J. Oshie.
13:29 of 3rd period - Stopped by Antti Niemi with a rebound.
13:50 of 3rd period - Icing by Rick Nash.
13:51 of 3rd period - Steven Stamkos wins face-off versus Adam Cracknell in Blues zone.
14:22 of 3rd period - Shot by Cal Clutterbuck.
14:22 of 3rd period - Stopped by Pekka Rinne without a rebound.
14:23 of 3rd period - Mike Fisher wins face-off versus T.J. Oshie in Predators zone.
14:24 of 3rd period - Shot by Jiri Hudler.
14:24 of 3rd period - Shot Misses the Net.
14:26 of 3rd period - Shot by Cal Clutterbuck.
14:26 of 3rd period - Deflect By Mike Fisher.
14:26 of 3rd period - Shot Misses the Net.
14:28 of 3rd period - Shot by Cal Clutterbuck.
14:28 of 3rd period - Stopped by Pekka Rinne without a rebound.
14:29 of 3rd period - Vincent Trocheck wins face-off versus Mike Fisher in Predators zone.
14:48 of 3rd period - Shot by Vincent Trocheck.
14:48 of 3rd period - Stopped by Antti Niemi without a rebound.
14:49 of 3rd period - Steven Stamkos wins face-off versus Adam Cracknell in Blues zone.
15:55 of 3rd period - Michael Raffl is hit by Zbynek Michalek and loses puck.
16:30 of 3rd period - Shot by Marian Hossa.
16:30 of 3rd period - Stopped by Pekka Rinne without a rebound.
16:31 of 3rd period - Mike Fisher wins face-off versus Derick Brassard in Predators zone.
17:03 of 3rd period - Off-side.
17:04 of 3rd period - Jay McClement wins face-off versus Steven Stamkos in neutral zone.
18:16 of 3rd period - Shot by Vincent Trocheck.
18:16 of 3rd period - Shot Misses the Net.
18:28 of 3rd period - Icing by Zbynek Michalek.
18:29 of 3rd period - Vincent Trocheck wins face-off versus Mike Fisher in Predators zone.
19:06 of 3rd period - Shot by Cal Clutterbuck.
19:06 of 3rd period - Deflect By Jiri Hudler.
19:06 of 3rd period - Stopped by Pekka Rinne without a rebound.
19:07 of 3rd period - Steven Stamkos wins face-off versus Marian Hossa in Predators zone.
19:07 of 3rd period - Steven Stamkos is hit by Tanner Glass.
19:22 of 3rd period - Shot by Marian Hossa.
19:22 of 3rd period - Stopped by Pekka Rinne without a rebound.
19:23 of 3rd period - Adam Cracknell wins face-off versus Derick Brassard in Predators zone.
19:52 of 3rd period - Icing by Adam Cracknell.
19:53 of 3rd period - Adam Cracknell wins face-off versus Steven Stamkos in Blues zone.
19:59 of 3rd period - Rick Nash is hit by Steven Stamkos.
Goals for this period are 1 for Predators vs 0 for Blues.
Shots for this period are 12 for Predators vs 9 for Blues.